 Dungeon Crawl Stone Soup version 0.19.0 (webtiles) character file.

3273 TaiNoTa the Carver (level 10, -10/85 HPs)
             Began as a Human Fighter on Nov 7, 2016.
             Was an Initiate of Gozag.
             Killed from afar by a steam dragon (13 damage)
             ... with a ball of steam
             ... on level 7 of the Dungeon.
             The game lasted 00:16:30 (7308 turns).

TaiNoTa the Carver (Human Fighter)                  Turns: 7308, Time: 00:16:31

Health: -10/85     AC: 16    Str: 17    XL:     10   Next: 19%
Magic:  10/10      EV:  7    Int:  9    God:    Gozag
Gold:   1004       SH: 11    Dex: 18    Spells: 1 memorised, 8 levels left

rFire  . . .     SeeInvis .     u - +1 falchion (elec) (curse)
rCold  . . .     Gourm    .     b - +0 scale mail
rNeg   . . .     Faith    .     c - +0 shield
rPois  .         Spirit   .     j - +1 hat
rElec  .         Reflect  +     t - +2 cloak
rCorr  .         Harm     .     (no gloves)
MR     .....                    o - +1 pair of boots
Stlth  ..........               z - +2 amulet of reflection
                                y - +3 ring of dexterity
                                e - +3 ring of protection

@: fainting
A: no striking features
a: Potion Petition, Call Merchant, Bribe Branch, Renounce Religion


You were on level 7 of the Dungeon.
You worshipped Gozag.
Gozag was most pleased with you.
You were fainting.

You visited 1 branch of the dungeon, and saw 7 of its levels.

You collected 1044 gold pieces.
You paid 40 gold pieces to Gozag.

Inventory:

Hand Weapons
 a - a +0 long sword
 u - a cursed +1 falchion of electrocution (weapon)
 A - a cursed +5 falchion of freezing
Armour
 b - a +0 scale mail (worn)
 c - a +0 shield (worn)
 j - a +1 hat (worn)
 o - a +1 pair of boots (worn)
 t - a +2 cloak (worn)
Jewellery
 e - a +3 ring of protection (left hand)
 y - a +3 ring of dexterity (right hand)
 z - a +2 amulet of reflection (around neck)
Wands
 q - a wand of lightning (0/15)
 v - a wand of confusion (21/48)
 w - a wand of teleportation (0/9)
Scrolls
 k - 3 scrolls of blinking
 n - 3 scrolls of remove curse
 r - 4 scrolls of teleportation
Potions
 d - 2 potions of might
 f - 2 potions of ambrosia {unknown}
 g - 6 potions of curing {unknown}
 h - a potion of brilliance {unknown}
 i - a potion of flight {unknown}
 l - 3 potions of heal wounds {unknown}
 m - 2 potions of degeneration {unknown}
 p - 2 potions of lignification {unknown}
 s - a potion of berserk rage {unknown}
 x - a potion of resistance {unknown}


   Skills:
 + Level 9.9 Fighting
 - Level 10.2 Long Blades
 - Level 3.0 Armour
 - Level 3.0 Shields


You had 8 spell levels left.
You knew the following spells:

 Your Spells              Type           Power        Failure   Level  Hunger
a - Apportation           Tloc           #.........   100%        1    ##.....


Dungeon Overview and Level Annotations

Branches:
Dungeon (7/15)             Temple (0/1) D:6

Altars:
Cheibriados
Fedhas
Gozag
Hepliaklqana
Makhleb
Nemelex Xobeh
Qazlal
Xom


Message History

The ball of steam hits you!
* * * LOW HITPOINT WARNING * * *
Unknown command.
The steam dragon completely misses you.
The steam dragon claws you but does no damage.
You closely miss the steam dragon.
The steam dragon is lightly wounded.
The steam dragon bites you.
* * * LOW HITPOINT WARNING * * *
You block the steam dragon's attack.
You hit the steam dragon but do no damage.
The steam dragon is lightly wounded.
You block the steam dragon's attack.
The steam dragon claws you but does no damage.
You slash the steam dragon!
The steam dragon is moderately wounded.
The steam dragon breathes steam at you. The ball of steam hits you!
You die...
Your body crumbles into a pile of gold.

...... #......#
...##.##......###
..#........##...# ...
#..........#....##..#
#............._......#
#.#.......##....#...#
#........g##...##...#
.#....####D####......#
..8...###.@####......#
...............).....#
....##§§........######
# #.....(.........# $
##.§.(..##.......#
######....(..##.......#
#.$..#.......##.......#
#[#[##.......##.......#
#<#..).......##.......#


You could see a steam dragon and a goblin.

Vanquished Creatures
  Pikel (D:5)
  A hippogriff (D:5)
  Sigmund (D:3)
  Edmund (D:6)
  A water moccasin (D:7)
  Duvessa (D:4)
  4 slaves (D:4)
  3 orc warriors
  A sky beast (D:6)
  An ice beast (D:6)
  3 ogres
  2 gnoll sergeants (D:6)
  Dowan (D:4)
  2 scorpions (D:6)
  3 killer bees (D:7)
  5 wights (D:7)
  5 howler monkeys
  A crimson imp (D:6)
  A bullfrog zombie (D:6)
  A jelly (D:5)
  An orc priest (D:7)
  Crazy Yiuf (D:4)
  3 hounds
  2 orc wizards
  An iguana (D:6)
  A worker ant (D:5)
  11 gnolls (D:6)
  7 adders
  3 shadow imps
  2 oozes
  5 worms
  3 dart slugs
  6 leopard geckos
  23 orcs
  4 giant cockroaches
  7 goblins
  13 hobgoblins
  13 jackals
  5 quokkas
  3 ball pythons
  5 bats
  2 frilled lizards
  A kobold (D:2)
  2 quokka skeletons
  8 rats
171 creatures vanquished.

Vanquished Creatures (others)
  A fungus (D:5)
1 creature vanquished.

Grand Total: 172 creatures vanquished

Notes
Turn   | Place    | Note
-------+----------+-------------------------------------------
     0 | D:1      | TaiNoTa the Human Fighter began the quest for the Orb.
     0 | D:1      | Reached XP level 1. HP: 18/18 MP: 1/1
   174 | D:1      | You fall through a shaft!
   296 | D:2      | Reached XP level 2. HP: 24/24 MP: 2/2
   463 | D:1      | Reached skill level 3 in Long Blades
   675 | D:1      | Reached XP level 3. HP: 25/29 MP: 3/3
  1167 | D:2      | Reached skill level 4 in Long Blades
  1167 | D:2      | Reached XP level 4. HP: 35/35 MP: 4/4
  1824 | D:3      | Reached skill level 5 in Long Blades
  1824 | D:3      | Reached XP level 5. HP: 16/41 MP: 5/5
  2007 | D:3      | Found an opulent altar of Gozag.
  2009 | D:3      | Found a snail-covered altar of Cheibriados.
  2015 | D:3      | Became a worshipper of Gozag Ym Sagoz the Greedy
  2203 | D:3      | Noticed an ogre
  2206 | D:3      | Killed an ogre
  2206 | D:3      | Reached XP level 6. HP: 47/47 MP: 6/6
  2284 | D:3      | Found a glowing drain.
  2331 | D:3      | Noticed Sigmund
  2346 | D:3      | Killed Sigmund
  2346 | D:3      | Reached skill level 6 in Long Blades
  2447 | D:3      | Found a burning altar of Makhleb.
  2544 | D:3      | Reached XP level 7. HP: 37/52 MP: 7/7
  2795 | D:4      | Reached skill level 7 in Long Blades
  2970 | D:4      | Learned a level 1 spell: Apportation
  2986 | D:4      | Found a runed door.
  2990 | D:4      | Noticed Crazy Yiuf
  2999 | D:4      | Killed Crazy Yiuf
  3064 | D:4      | Noticed Duvessa
  3066 | D:4      | Noticed Dowan
  3078 | D:4      | Killed Duvessa
  3101 | D:4      | Killed Dowan
  3398 | D:4      | Reached skill level 8 in Long Blades
  3663 | D:4      | Found a stormy altar of Qazlal.
  3729 | D:5      | Entered Level 5 of the Dungeon
  3731 | D:5      | Found a sparkling altar of Nemelex Xobeh.
  3761 | D:5      | Noticed Pikel
  3966 | D:5      | Killed Pikel
  3966 | D:5      | Reached skill level 9 in Long Blades
  3966 | D:5      | Reached XP level 8. HP: 49/58 MP: 8/8
  4067 | D:5      | Found a hazy altar of Hepliaklqana.
  4087 | D:5      | Noticed a hippogriff
  4098 | D:5      | Killed a hippogriff
  4098 | D:5      | Reached skill level 10 in Long Blades
  4368 | D:5      | Found a blossoming altar of Fedhas.
  4463 | D:5      | Reached XP level 9. HP: 62/65 MP: 9/9
  4552 | D:5      | Found a faded altar of an unknown god.
  4552 | D:5      | Found a faded altar of an unknown god.
  4557 | D:5      | Found a faded altar of an unknown god.
  4559 | D:5      | Found a faded altar of an unknown god.
  4561 | D:5      | Found a blossoming altar of Fedhas.
  4905 | D:6      | Found a staircase to the Ecumenical Temple.
  4992 | D:6      | Reached skill level 5 in Fighting
  5797 | D:6      | Noticed Edmund
  5811 | D:6      | Killed Edmund
  6924 | D:6      | Reached XP level 10. HP: 31/82 MP: 10/10
  7244 | D:7      | Found a shimmering altar of Xom.
  7278 | D:7      | Paralysed by fainting for 7 turns
  7292 | D:7      | Paralysed by fainting for 8 turns
  7306 | D:7      | HP: 3/85 [steam dragon (2)]
  7308 | D:7      | Killed from afar by a steam dragon

Skill      XL: |  1  2  3  4  5  6  7  8  9 10 |
---------------+-------------------------------+-----
Long Blades    | 3 4 5 6 9 10 | 10.2
Fighting       | 4 8 9 |  9.9
Armour         | |  3.0
Shields        | |  3.0

Action                   |  1- 3 |  4- 6 |  7- 9 | 10-12 || total
-------------------------+-------+-------+-------+-------++-------
Melee: Long sword        |   114 |   145 |   476 |    26 ||   761
       Falchion          |       |       |       |    48 ||    48
Invok: Potion Petition   |       |       |     1 |       ||     1
Evoke: Wand              |       |     4 |     8 |     5 ||    17
  Use: Scroll            |     5 |     2 |     8 |       ||    15
 Stab: Confused          |       |       |     6 |       ||     6
       Distracted        |       |       |     1 |       ||     1
  Eat: Chunk             |     1 |     3 |       |       ||     4
       Pizza             |       |     1 |     1 |       ||     2
       Royal jelly       |       |       |     1 |       ||     1
       Beef jerky        |       |       |     1 |       ||     1
       Bread ration      |       |       |     2 |       ||     2
Armor: Scale mail        |    58 |    60 |   219 |    36 ||   373
Dodge: Dodged            |    33 |    39 |    93 |    18 ||   183
Block: Shield            |    60 |    60 |   202 |    34 ||   356
       Rpst.: Long sword |     9 |    10 |    30 |     1 ||    50
       Falchion          |       |       |       |     1 ||     1
